 Dungeon Crawl Stone Soup version 0.29-a0-222-g5b244fca1f (webtiles) character file.

Game seed: 3234934827551962194

53 PaleWalker the Grave Robber (level 3, -2/26 HPs)
             Began as a Ghoul Necromancer on Feb 27, 2022.
             Was a Follower of Trog (penitent).
             Slain by a black bear (8 damage)
             ... created by the rage of Trog
             ... on level 2 of the Dungeon.
             The game lasted 00:08:05 (2258 turns).

PaleWalker the Grave Robber (Ghoul Necromancer)     Turns: 2258, Time: 00:08:05

Health: -2/26      AC:  2    Str: 11    XL:     3   Next: 89%
Magic:  5/5        EV: 12    Int: 18    God:    Trog [*.....]
Gold:   104        SH:  0    Dex:  9    Spells: 5/7 levels left

rFire   . . .      SeeInvis .   b - +2 rapier (vamp)
rCold   + . .      Faith    .   (no shield)
rNeg    + + +      Spirit   .   a - +0 robe
rPois   ∞          Reflect  .   (no helmet)
rElec   .          Harm     .   (no cloak)
rCorr   .          Rampage  .   (no gloves)
Will    .....                   (no boots)
Stlth   ++........              (no amulet)
HPRegen 0.00/turn               h - +6 ring of intelligence
MPRegen 0.09/turn               (no ring)

@: inhibited regen
A: claws 1, cold resistance 1, negative energy resistance 3, inhibited
regeneration, torment resistance 2
a: Renounce Religion


You were on level 2 of the Dungeon.
You worshipped Trog.
Trog was demanding penance.
You visited 1 branch of the dungeon, and saw 2 of its levels.

You collected 104 gold pieces.

Inventory:

Hand Weapons
 b - a +2 vampiric rapier (weapon)
Armour
 a - a +0 robe (worn)
Jewellery
 h - a +6 ring of intelligence (left claw)
Scrolls
 c - a scroll of teleportation
 g - 2 scrolls of identify
Potions
 d - a potion of flight {unknown}
 e - a potion of mutation {unknown}
 f - 2 potions of lignification {unknown}


   Skills:
 + Level 0.7 Short Blades
 - Level 1.7 Dodging
 - Level 2.1 Stealth
 - Level 2.6 Spellcasting
 - Level 4.6 Necromancy


You had 5 spell levels left.
You knew the following spells:

 Your Spells              Type           Power      Damage    Failure   Level
a - Pain                  Necr           76%        1d7       2%          1
b - Animate Skeleton      Necr           38%        N/A       2%          1

Your spell library contained the following spells:

 Spells                   Type           Power      Damage    Failure   Level
 Vampiric Draining        Necr           19%        2d7       8%          3
 Animate Dead             Necr           9%         N/A       26%         4
 Agony                    Necr           19%        N/A       56%         5


Dungeon Overview and Level Annotations

Branches:
Dungeon (2/15)

Altars:
Trog

Shops:
D:2 (


Innate Abilities, Weirdness & Mutations

You thrive by killing the living.
You are immune to poison.
You have sharp fingernails.
Your flesh is cold resistant. (rC+)
You are immune to negative energy. (rN+++)
You do not regenerate when monsters are visible.
You are immune to unholy pain and torment.


Message History

Casting this spell will place you under penance.
Really cast?
Aiming: Pain (safe; 2% risk of failure)
Press: ? - help, Shift-Dir - straight line, f - adder
Aim: an adder (chance to affect: 84%)
The adder writhes in agony.
You feel a little guilty. "You will pay for your transgression, mortal!"
You hit the adder.
The adder is moderately wounded.
The adder bites you. x2
The adder completely misses you.
There is a stone staircase leading up here.
The adder bites you.
You climb upwards.
There is a stone staircase leading down here.
You puncture the adder!
You feel better.
The adder is almost dead.
The adder bites you. The adder barely misses you.
You closely miss the adder.
The adder is almost dead.
The adder bites you.
You closely miss the adder.
The adder is almost dead.
The adder closely misses you. x2
You barely miss the adder.
The adder is almost dead.
The adder bites you.
You hit the adder.
You kill the adder!
Trog accepts your kill.
You need to enable at least one skill for training.
You start resting.
Trog sends monsters to punish you. 2 black bears and 2 polar bears come into view.
You climb downwards.
The kobold closely misses you. The kobold hits you with a +0 whip.
* * * LOW HITPOINT WARNING * * *
There is a stone staircase leading up here.
The kobold throws a stone.
The stone barely misses you. The black bear bites you!
You die...

.#.......# ###.....##..#
.##......###.........#.#
......#####.)#####.....#
.###..# ##.##.....##..#
.# #..####..#..<.#..#..#
## #.>...#..#.......#..#
#####......#._.<.#..#
##...#...h...#..#
#...#..<@#..#..#
##..##.....##.##
#...#####....#
##...........#
#.##.....#..#
#..#..####.## .... ...
..... ..... .## ..#####


You could see a black bear (berserk).

Vanquished Creatures
  2 adders
  A dart slug (D:2)
  An orc (D:2)
  4 bats
  An endoplasm (D:1)
  2 giant cockroaches
  4 hobgoblins
  2 kobolds
  2 quokkas
  5 ball pythons
  2 frilled lizards
  3 goblins (D:2)
  A rat (D:1)
30 creatures vanquished.

Notes
Turn   | Place    | Note
-------+----------+-------------------------------------------
     0 | D:1      | PaleWalker the Ghoul Necromancer began the quest for the
                  | Orb.
     0 | D:1      | Reached XP level 1. HP: 14/14 MP: 2/2
   232 | D:1      | Reached XP level 2. HP: 20/20 MP: 0/4
   729 | D:1      | Learned a level 1 spell: Animate Skeleton
  1155 | D:2      | Reached XP level 3. HP: 26/26 MP: 2/5
  1305 | D:2      | Found Vatarant's Weapon Emporium.
  2155 | D:2      | Found a faded altar of an unknown god.
  2159 | D:2      | Prayed at the altar of an unknown god.
  2159 | D:2      | Became a worshipper of Trog the Wrathful
  2159 | D:2      | Reached * piety under Trog
  2194 | D:2      | Was placed under penance by Trog
  2255 | D:1      | Noticed a polar bear
  2255 | D:1      | Noticed a black bear
  2255 | D:1      | Noticed a black bear
  2255 | D:1      | Noticed a polar bear
  2258 | D:2      | Slain by a black bear

Illustrated notes

Levels and vault maps discovered:
D:1:      minmay_arrival_open_corners, layout_rooms, hangedman_feature_mirror
D:2:      minmay_thinvault, layout_basic, nicolae_ecumenical_pavilion,
          serial_shops, nicolae_shop_advertising_works
          [nicolae_subvault_shop_adworks], minmay_statues_item,
          kennysheep_generic_room_14

Skill      XL: |  1 |
---------------+----+-----
Spellcasting   | 2 |  2.6
Short Blades   | |  0.7
Dodging        | |  1.7
Stealth        | |  2.1
Necromancy     | |  4.6

Action                   || total
-------------------------++-------
Melee: Hand axe          ||    17
       Rapier            ||     6
 Cast: Pain              ||    77
  Use: Scroll            ||     1
Armor: Robe              ||     5
Dodge: Dodged            ||    22

Table legend: (Time is in decaauts)
 A = Elapsed time spent in this place.
 B = Non-inter-level travel time spent in this place.
 C = Inter-level travel time spent in this place.
 D = Time resting spent in this place.
 E = Time spent auto-exploring this place.
 F = Levels seen in this place.
 G = Mean time per level.
                   A        B        C        D        E       F      G
               +--------+--------+--------+--------+--------+-----+--------+
         Total |   2263 |   2250 |     13 |    458 |   1380 |   2 | 1131.5 |
       Dungeon |   2263 |   2250 |     13 |    458 |   1380 |   2 | 1131.5 |
               +--------+--------+--------+--------+--------+-----+--------+

Top non-repeatable levels by time:
     D:1: 1133 daAuts
     D:2: 1130 daAuts
